 Dungeon Crawl Stone Soup version 0.17.1-1-g73c8601 (webtiles) character file.

66 PossumBlood the Slasher (level 3, -1/31 HPs)
             Began as a Minotaur Fighter on Dec 22, 2015.
             Slain by a gnoll
             ... wielding a cursed +0 flail
              (3 damage)
             ... on level 2 of the Dungeon.
             The game lasted 00:02:44 (1068 turns).

PossumBlood the Slasher (Minotaur Fighter)          Turns: 1068, Time: 00:02:44

Health: -1/31      AC:  6    Str: 21    XL:     3   Next: 96%
Magic:  2/2        EV:  7    Int:  5    God:
Gold:   139        SH:  9    Dex:  9    Spells: 0 memorised, 2 levels left

rFire  . . .     SeeInvis .     a - +0 long sword
rCold  . . .     Clarity  .     b - +0 scale mail
rNeg   . . .     SustAt   .     c - +0 shield
rPois  .         Gourm    .     (helmet restricted)
rElec  .         Spirit   .     (no cloak)
rCorr  .         Warding  .     (no gloves)
rMut   .         Stasis   .     (no boots)
MR     +....                    (no amulet)
Stlth  ..........               (no ring)
                                j - ring of protection from magic

@: lethally poisoned (-1 -> -4), somewhat resistant to hostile enchantments,
extremely unstealthy
A: retaliatory headbutt, horns 2
a: no special abilities


You were on level 2 of the Dungeon.
You were not hungry.

You visited 1 branch of the dungeon, and saw 2 of its levels.

You collected 139 gold pieces.

Inventory:

Hand Weapons
 a - a +0 long sword (weapon)
Armour
 b - a +0 scale mail (worn)
 c - a +0 shield (worn)
Jewellery
 j - a ring of protection from magic (left hand)
 k - an uncursed amulet of regeneration {unknown}
Scrolls
 g - a scroll of recharging {unknown}
 h - a scroll of identify {unknown}
 m - a scroll of enchant weapon {unknown}
 n - a scroll of amnesia {unknown}
 o - a scroll of magic mapping {unknown}
Potions
 d - 2 potions of might
 f - 2 potions of magic {unknown}
 i - a potion of lignification {unknown}
 l - a potion of resistance {unknown}


   Skills:
 - Level 3.6 Fighting
 * Level 5.2 Long Blades
 - Level 3.6 Armour
 - Level 3.6 Shields


You had 2 spell levels left.
You didn't know any spells.

Dungeon Overview and Level Annotations

Branches:
Dungeon (2/15)

Altars:


Innate Abilities, Weirdness & Mutations

You reflexively headbutt those who attack you in melee.
You have a pair of horns on your head.


Message History

You closely miss the gnoll.
The gnoll is moderately wounded.
You feel sick. You block the adder's attack. You block the gnoll's attack.
The goblin hits you but does no damage. You block the gnoll's attack.
The hobgoblin closely misses you. The adder barely misses you.
You furiously retaliate!
You headbutt the adder!
You kill the adder!
Your Long Blades skill increases to level 5!
The gnoll hits you but does no damage.
The gnoll hits you from afar with a spear.
* * * LOW HITPOINT WARNING * * *
You hit the gnoll but do no damage. You headbutt the gnoll.
You kill the gnoll!
The goblin hits you but does no damage.
The hobgoblin hits you but does no damage.
You block the gnoll's attack. The gnoll hits you but does no damage.
The goblin hits you but does no damage. The hobgoblin barely misses you.
You furiously retaliate!
You headbutt the hobgoblin. The gnoll hits you with a flail.
You die...

.......................
######.##.>..######....
## ...........###...###
.#.......#.............
.............#.....####
###.................####
##...........g.......
##.........g........
#.....>...g@†......
............g......#
##..................
............##..
.....#.....## .
##.#.###...# #.# .%...
......


You could see 2 gnolls, a hobgoblin and a goblin.

Vanquished Creatures
  2 adders (D:2)
  A gnoll (D:2)
  A worm (D:2)
  6 bats
  3 giant cockroaches
  4 hobgoblins
  2 jackals (D:1)
  6 kobolds
  2 ball pythons (D:1)
  A giant gecko (D:1)
  4 goblins (D:1)
  5 rats
37 creatures vanquished.

Notes
Turn   | Place    | Note
--------------------------------------------------------------
     0 | D:1      | PossumBlood the Minotaur Fighter began the quest for the Orb.
     0 | D:1      | Reached XP level 1. HP: 19/19 MP: 0/0
   156 | D:1      | Reached XP level 2. HP: 26/26 MP: 1/1
   522 | D:1      | Reached skill level 4 in Long Blades
   660 | D:1      | Noticed a big kobold
   660 | D:1      | Noticed a big kobold
   660 | D:1      | Noticed a big kobold
   664 | D:1      | Noticed a big kobold
   786 | D:1      | Reached XP level 3. HP: 31/31 MP: 2/2
  1066 | D:2      | Reached skill level 5 in Long Blades
  1068 | D:2      | Slain by a gnoll

Action                   || total
-------------------------++-------
Melee: Long sword        ||    88
  Eat: Bread ration      ||     1
